 Dungeon Crawl Stone Soup version 0.30-a0-779-g7971cf19c3 (webtiles) character file.

Game seed: 2073716481857206941

27092 Smoke131 the Fighter (level 13, -6/144 HPs)
             Began as an Ogre Gladiator on Feb 17, 2023.
             Was a High Priest of Okawaru.
             Mangled by a wolf (7 damage)
             ... on level 1 of the Lair of Beasts.
             The game lasted 00:58:52 (18258 turns).

Smoke131 the Fighter (Ogre Gladiator)              Turns: 18258, Time: 00:58:53

Health: -6/144     AC: 11    Str: 21    XL:     13   Next: 30%
Magic:  18/20      EV: 15    Int:  9    God:    Okawaru [*****.]
Gold:   530        SH:  0    Dex: 14    Spells: 12/12 levels left

rFire   . . .      SeeInvis .    k - +7 Throatcutter {drain, coup de grace}
rCold   . . .      Faith    .    (no shield)
rNeg    . . .      Spirit   .    i - +0 swamp dragon scales
rPois   +          Reflect  .    r - +1 hat
rElec   .          Harm     .    y - +0 cloak
rCorr   .          Rampage  .    (gloves unavailable)
Will    +....                    (boots unavailable)
Stlth   ++                       (no amulet)
HPRegen 0.44/turn                (no ring)
MPRegen 0.17/turn                (no ring)

@: heroic, studying Fighting
A: large, unfitting armour, tough skin 1
a: Renounce Religion, Heroism, Finesse, Duel


You were on level 1 of the Lair of Beasts.
You worshipped Okawaru.
Okawaru was extremely pleased with you.
You visited 3 branches of the dungeon, and saw 13 of its levels.
You also visited: Bailey.

You collected 870 gold pieces.
You spent 340 gold pieces at shops.

Inventory:

Hand Weapons
 a - a +1 war axe of electrocution
 k - the +7 Throatcutter (weapon) {drain, coup de grace}
   (You took it off Terence on level 2 of the Dungeon)
Missiles
 b - 14 javelins
 d - 6 throwing nets
 e - 18 large rocks (quivered)
 f - 155 stones
 m - a silver boomerang
 q - 13 boomerangs
 s - 60 poisoned darts
 x - an atropa-tipped dart
 H - 4 curare-tipped darts
Armour
 i - +0 swamp dragon scales (worn)
 r - a +1 hat (worn)
 y - a +0 cloak (worn)
 F - +0 steam dragon scales
Jewellery
 E - a ring of ice
Wands
 c - a wand of light (8)
 j - a wand of roots (12)
 u - a wand of mindburst (47)
 z - a wand of flame (36)
 D - a wand of polymorph (17)
Scrolls
 n - 6 scrolls of enchant weapon
 t - a scroll of noise {unknown}
 v - 6 scrolls of amnesia
 w - 2 scrolls of identify
 G - a scroll of teleportation
 J - a scroll of magic mapping {unknown}
Potions
 g - a potion of cancellation
 h - 3 potions of mutation
 l - a potion of haste
 o - 6 potions of curing
 p - 2 potions of invisibility
 A - a potion of brilliance
 B - a potion of ambrosia
 C - a potion of lignification
 I - a potion of resistance


   Skills:
 + Level 13.5(18.5) Fighting
 * Level 8.6(13.6) Long Blades
 - Level 3.0(8.0) Axes
 + Level 11.2(16.2) Throwing
 + Level 11.0(16.0) Dodging
 - Level 10.0 Invocations


You had 12 spell levels left.
You didn't know any spells.
Your spell library contained the following spells:

 Spells                   Type           Power      Damage    Failure   Level
 Beastly Appendage        Tmut           0%         N/A       54%         1
 Static Discharge         Conj/Air       0%         2-2/arc   67%         2
 Wereblood                Tmut           0%         N/A       67%         2
 Dazzling Flash           Conj/Hex       0%         N/A       88%         3
 Spider Form              Tmut/Pois      0%         N/A       88%         3
 Vhi's Electric Charge    Tloc/Air       0%         N/A       88%         3
 Agony                    Necr           0%         N/A       100%        5
 Arcjolt                  Conj/Air       0%         1d10      100%        5
 Lightning Bolt           Conj/Air       0%         1d11      100%        5
 Silence                  Hex/Air        0%         N/A       100%        5


Dungeon Overview and Level Annotations

Branches:
Dungeon (11/15)            Temple (1/1) D:6            Lair (1/5) D:11
 Bailey (visited)
    Orc: D:9-12

Altars:
Ashenzari
Cheibriados
Dithmenos
Elyvilon
Fedhas
Gozag
Hepliaklqana
Kikubaaqudgha
Makhleb
Nemelex Xobeh
Okawaru
Qazlal
Ru
Sif Muna
Trog
Uskayaw
Vehumet
Wu Jian
Xom
Yredelemnul
Zin
The Shining One

Shops:
D:4 ([


Innate Abilities, Weirdness & Mutations

You are too large for most types of armour.
You have tough skin. (AC +1)


Message History

The wolf completely misses you. The wolf barely misses you.
The wolf closely misses you. The wolf bites you.
* * * LOW HITPOINT WARNING * * *
Throw: 22 large rocks
Press: ? - help, Q - select action, (/) - cycle Shift-Dir - straight line, f/p - wolf
Aim: a wolf (56% to hit)
You throw a large rock. The large rock closely misses the wolf.
The wolf bites you but does no damage. The wolf closely misses you.
The wolf bites you.
* * * LOW HITPOINT WARNING * * *
The wolf completely misses you.
Throw: 21 large rocks
Press: ? - help, Q - select action, (/) - cycle Shift-Dir - straight line, f/p - wolf
Aim: a wolf (56% to hit)
You throw a large rock. The large rock hits the wolf!
The wolf is severely wounded.
The wolf closely misses you. The wolf bites you.
* * * LOW HITPOINT WARNING * * *
The wolf barely misses you. The wolf bites you.
* * * LOW HITPOINT WARNING * * *
The wolf closely misses you.
Throw: 20 large rocks
Press: ? - help, Q - select action, (/) - cycle Shift-Dir - straight line, f/p - wolf
Aim: a wolf (severely wounded, 56% to hit)
You throw a large rock. The large rock barely misses the wolf.
The wolf barely misses you. x2; The wolf closely misses you.
The wolf bites you.
* * * LOW HITPOINT WARNING * * *
The wolf completely misses you.
Throw: 19 large rocks
Press: ? - help, Q - select action, (/) - cycle Shift-Dir - straight line, f/p - wolf
Aim: a wolf (severely wounded, 56% to hit)
You throw a large rock. The large rock closely misses the wolf.
The wolf closely misses you. The wolf misses you. The wolf bites you.
* * * LOW HITPOINT WARNING * * *
The wolf bites you but does no damage. The wolf closely misses you.
You gain the combat prowess of a mighty hero.
The wolf bites you!
* * * LOW HITPOINT WARNING * * *
The wolf bites you!
You die...

...................
#.............(.....
##P....................
#..P##.##..#.....## P..
#..###.#..##.....# ....
#........##.....#.....
#..#.....##.....#.....
#..#†....#....((...... ...
#........#....@....... ......
##.###.#####...hhP..... #......
#..#########.....#..... .......#
##...............#..... #......#
##...............#......#.......
#................##.###.#.......
##..............................
#..............................
#..............................


You could see 2 wolves.

Vanquished Creatures
  Harold (D:10)
  Fannar (D:10)
  A radroach (shapeshifter) (D:9)
  2 centaur warriors (D:9)
  A catoblepas (Lair:1)
  A boulder beetle (D:11)
  2 two-headed ogres
  A skyshark (shapeshifter) (D:9)
  Lodul (D:11)
  Pikel (D:6)
  2 orc knights (Bailey)
  3 ugly things
  4 cyclopes
  2 manticores (D:11)
  2 vault sentinels (D:8)
  A cane toad (Lair:1)
  A gargoyle (D:11)
  2 komodo dragons
  4 kobold demonologists
  2 tengu conjurers
  3 trolls
  2 hornets
  Grinder (D:6)
  A centaur simulacrum (D:11)
  A shadow (D:11)
  Sigmund (D:2)
  A vampire (D:11)
  9 yaks
  2 wyverns
  A vampire mosquito (D:11)
  Edmund (D:6)
  3 steam dragons
  4 wargs
  The ghost of mandoloar the Digger, an amateur GrEE (D:4)
  2 water moccasins
  3 acid dragons
  A sky beast (D:7)
  An ice beast (D:6)
  A black bear (D:6)
  17 orc warriors
  15 ogres
  4 wolves (Lair:1)
  5 centaurs
  2 lemures (D:6)
  9 kobold brigands
  3 bullfrogs
  A necrophage (D:6)
  A scorpion (D:4)
  2 gnoll sergeants
  3 wights (D:8)
  12 killer bees
  14 howler monkeys
  A jelly (D:7)
  7 hounds
  A quasit (D:7)
  10 orc priests
  3 gnoll boudas
  2 iguanas
  Terence (D:2)
  12 orc wizards
  23 gnolls
  5 adders
  5 shadow imps
  4 white imps
  3 ufetubi (D:7)
  A dart slug (D:3)
  5 worms
  38 orcs
  11 ball pythons
  3 bats (D:1)
  10 endoplasms
  A giant cockroach (D:2)
  9 hobgoblins
  16 jackals
  3 quokkas
  4 frilled lizards
  14 goblins
  17 kobolds
  8 rats
  A spectral kobold (D:9)
  A spectral orc (D:10)
381 creatures vanquished.

Vanquished Creatures (others)
  An orc warrior (D:8)
  4 demonic plants (D:7)
  A fungus (D:1)
  14 plants
  2 withered plants (D:4)
22 creatures vanquished.

Grand Total: 403 creatures vanquished

Notes
Turn   | Place    | Note
-------+----------+-------------------------------------------
     0 | D:1      | Smoke131 the Ogre Gladiator began the quest for the Orb.
     0 | D:1      | Reached XP level 1. HP: 22/22 MP: 1/1
   219 | D:1      | Reached skill level 3 in Fighting
   226 | D:1      | Reached XP level 2. HP: 28/31 MP: 2/2
   608 | D:1      | Found a faded altar of an unknown god.
   638 | D:1      | Reached XP level 3. HP: 37/37 MP: 3/3
  1121 | D:2      | Reached XP level 4. HP: 24/48 MP: 4/4
  1221 | D:2      | Reached skill level 4 in Fighting
  1458 | D:2      | Noticed Terence
  1462 | D:2      | Noticed Sigmund
  1535 | D:2      | Killed Sigmund
  1536 | D:2      | Reached skill level 5 in Fighting
  1536 | D:2      | Reached XP level 5. HP: 19/57 MP: 5/5
  1536 | D:2      | Reached XP level 6. HP: 22/66 MP: 6/6
  1792 | D:2      | Killed Terence
  2506 | D:3      | Found a snail-covered altar of Cheibriados.
  2978 | D:4      | Found Onger's Firing Range.
  3078 | D:4      | Found a runed translucent door.
  3078 | D:4      | Noticed mandoloar's ghost (amateur GrEE)
  3100 | D:4      | Found a sparkling altar of Nemelex Xobeh.
  3209 | D:4      | Reached XP level 7. HP: 47/74 MP: 7/7
  3318 | D:4      | Found Igetogomn's Antique Armour Emporium.
  3484 | D:4      | Reached skill level 6 in Fighting
  3825 | D:4      | Killed mandoloar's ghost
  3943 | D:4      | Bought 3 large rocks for 45 gold pieces
  3943 | D:4      | Bought 2 boomerangs for 40 gold pieces
  3943 | D:4      | Bought 5 large rocks for 75 gold pieces
  3946 | D:5      | Entered Level 5 of the Dungeon
  4030 | D:4      | Reached skill level 5 in Throwing
  4185 | D:5      | Reached skill level 5 in Dodging
  4782 | D:5      | Found an ancient bone altar of Kikubaaqudgha.
  4825 | D:5      | Reached XP level 8. HP: 39/84 MP: 8/8
  5302 | D:6      | Noticed Grinder
  5307 | D:6      | Paralysed by Grinder for 3 turns
  5310 | D:6      | Killed Grinder
  5311 | D:6      | Reached skill level 7 in Fighting
  5510 | D:6      | Reached skill level 8 in Fighting
  5674 | D:6      | Noticed Edmund
  5690 | D:6      | Killed Edmund
  5961 | D:6      | Noticed Pikel
  5969 | D:6      | Killed Pikel
  5970 | D:6      | Reached skill level 9 in Fighting
  5970 | D:6      | Reached XP level 9. HP: 85/98 MP: 9/9
  6446 | D:6      | Found a staircase to the Ecumenical Temple.
  6653 | Temple   | Entered the Ecumenical Temple
  6658 | Temple   | Became a worshipper of Warmaster Okawaru
  6772 | D:7      | Reached skill level 1 in Invocations
  7190 | D:7      | Found an opulent altar of Gozag.
  7190 | D:7      | Found a glowing silver altar of Zin.
  7237 | D:7      | Reached skill level 10 in Fighting
  7238 | D:7      | Reached * piety under Okawaru
  7454 | D:7      | Found a glowing golden altar of the Shining One.
  7498 | D:7      | Found a stormy altar of Qazlal.
  7734 | D:7      | Found a radiant altar of Vehumet.
  7946 | D:7      | Found a shimmering altar of Xom.
  8005 | D:4      | Bought 6 javelins for 180 gold pieces
  8105 | D:8      | Reached XP level 10. HP: 100/101 MP: 12/12
  8106 | D:8      | Noticed a vault sentinel
  8108 | D:8      | Noticed a vault sentinel
  8398 | D:8      | Found a flagged portal.
  8422 | Bailey   | Entered a bailey
  8853 | Bailey   | Reached ** piety under Okawaru
  9087 | Bailey   | Noticed an orc knight
  9087 | Bailey   | Noticed an orc knight
  9095 | Bailey   | Killed an orc knight
  9096 | Bailey   | Reached skill level 5 in Invocations
  9096 | Bailey   | Killed an orc knight
  9108 | Bailey   | Identified the +7 arbalest "Onoshivi" {drain, rN+ Will++
                  | Dex+3}
  9369 | D:8      | Reached *** piety under Okawaru
  9490 | D:8      | Noticed a cyclops
  9494 | D:8      | Killed a cyclops
  9494 | D:8      | Received a gift from Okawaru
  9495 | D:8      | Reached XP level 11. HP: 109/117 MP: 15/15
  9964 | D:8      | Reached skill level 10 in Throwing
  9968 | D:8      | Received a gift from Okawaru
 10234 | D:8      | Found a bloodstained altar of Trog.
 10601 | D:8      | Reached **** piety under Okawaru
 10658 | D:8      | Found the +18 shield of the Gong {Loud rN+ Will+ rCorr
                  | EV-5}
 11334 | D:8      | Received a gift from Okawaru
 11335 | D:8      | Reached skill level 1 in Long Blades
 11363 | D:8      | Reached skill level 10 in Dodging
 12369 | D:9      | Noticed a two-headed ogre
 12433 | D:9      | Killed a two-headed ogre
 12646 | D:9      | Found a hazy altar of Hepliaklqana.
 12745 | D:9      | Noticed a centaur warrior
 12745 | D:9      | Noticed a purple ugly thing
 12746 | D:9      | Noticed a centaur warrior
 13163 | D:9      | Killed a centaur warrior
 13163 | D:9      | Reached ***** piety under Okawaru
 13163 | D:9      | Received a gift from Okawaru
 13377 | D:9      | Noticed a moth of wrath
 13394 | D:9      | an eye of devastation changed into a skyshark
 13394 | D:9      | Noticed a skyshark (shapeshifter)
 13404 | D:9      | Killed a skyshark
 13744 | D:9      | Noticed a shock serpent
 14006 | D:9      | Noticed a radroach
 14023 | D:9      | Killed a radroach
 14023 | D:9      | Received a gift from Okawaru
 14024 | D:9      | Reached skill level 10 in Invocations
 14024 | D:9      | Reached XP level 12. HP: 126/126 MP: 19/19
 14093 | D:9      | Killed a centaur warrior
 14094 | D:9      | Reached skill level 5 in Long Blades
 14248 | D:9      | Received a gift from Okawaru
 14500 | D:10     | Entered Level 10 of the Dungeon
 14512 | D:10     | Noticed Harold
 14608 | D:10     | Killed Harold
 15489 | D:10     | Noticed Fannar
 15500 | D:10     | Killed Fannar
 15545 | D:10     | Found a basalt altar of Yredelemnul.
 15964 | D:11     | Found a staircase to the Lair.
 16139 | D:11     | Reached skill level 11 in Fighting
 16247 | D:11     | Noticed Lodul
 16382 | D:10     | Received a gift from Okawaru
 16393 | D:11     | Killed Lodul
 16514 | D:11     | Received a gift from Okawaru
 17010 | D:11     | Reached skill level 12 in Fighting
 17147 | D:11     | Noticed a two-headed ogre
 17151 | D:11     | Noticed a boulder beetle
 17154 | D:11     | Killed a two-headed ogre
 17154 | D:11     | Received a gift from Okawaru
 17155 | D:11     | Reached XP level 13. HP: 116/141 MP: 20/20
 17356 | D:11     | Reached skill level 13 in Fighting
 17985 | Lair:1   | Entered Level 1 of the Lair of Beasts
 18258 | Lair:1   | HP: 1/144 [wolf (7)]
 18258 | Lair:1   | Mangled by a wolf

Illustrated notes

Levels and vault maps discovered:
D:1:      dpeg_arrival_renting, layout_loops_cross,
          shapermc_ecumenical_altar_ellora
D:2:      layout_basic, serial_curves, eino_curves_04, eino_curves_01,
          eino_curves_02, eino_curves_02, uniq_terence, uniq_sigmund
D:3:      layout_loops_corners, kennysheep_slug_shrine
D:4:      layout_loops_ring, mainiacjoe_overflow_chevrons, serial_shops,
          nicolae_lakefront_shop, gammafunk_ghost_grave,
          kennysheep_big_empty_room, nicolae_shop_firing_range
D:5:      layout_rooms, kiku_gazebo_garden_becter, hex_large,
          chequers_serial_rivers_micro_e, hex_medium
D:6:      layout_rooms, minmay_temple_entry_poolview,
          cheibrodos_sewer_entry_bend, grunt_decor_cap,
          kennysheep_generic_room_6, uniq_edmund, uniq_grinder, uniq_pikel
D:7:      layout_loops_ring, grunt_temple_overflow_gold_and_silver,
          mainiacjoe_overflow_alcove_1, tso_oasis_becter,
          mainiacjoe_overflow_swirl, serial_demonic, serial_demonic_a,
          serial_demonic_b, serial_demonic_f, serial_demonic_c
D:8:      lemuel_castle_with_subvaults [lemuel_castle_interior_carwin_2],
          layout_loops_cross, trog_antimagical, enter_bailey_4,
          hellmonk_guarded_unrand_gong
D:9:      minmay_blocky_corners, layout_stronghold,
          nicolae_hepliaklqana_monster_ancestors, dreamdust_princess_bridge,
          chequers_mini_garden, minivault_27
D:10:     layout_roguey, yredelemnul_forgotten_temple_becter, uniq_fannar,
          uniq_harold
D:11:     nzn_winding_woodlands_three_and_one [nzn_winding_woodlands_5x15_twine,
          nzn_winding_woodlands_5x15_pathside_ponds,
          nzn_winding_woodlands_5x15_split_checker,
          nzn_winding_woodlands_center_lodge], layout_small_grid,
          erik_lair_orcish_takeover, reono_crystal_passage, uniq_lodul
Temple:   hellmonk_temple_micro_hex
Lair:1:   layout_regular_city, nicolae_quartered_pool_impasse

Skill      XL: |  1  2  3  4  5  6  7  8  9 10 11 12 13 |
---------------+----------------------------------------+-----
Fighting       | 3 5 6 9 10 12 13 | 13.5
Dodging        | 3 4 5 6 7 9 10 11 | 11.0
Throwing       | 3 4 5 7 8 9 10 11 | 11.2
Invocations    | 3 6 10 | 10.0
Long Blades    | 4 8 |  8.6
Axes           | |  3.0

Action                     |  1- 3 |  4- 6 |  7- 9 | 10-12 | 13-15 || total
---------------------------+-------+-------+-------+-------+-------++-------
  Melee: War axe           |   127 |    21 |       |       |       ||   148
         Punch             |     1 |       |     3 |     5 |     1 ||    10
         Long sword        |       |    62 |   178 |   486 |    48 ||   774
  Throw: Dart              |       |     4 |     8 |     7 |       ||    19
         Large rock        |       |     1 |    22 |    93 |    47 ||   163
         Boomerang         |       |       |    22 |    26 |       ||    48
         Javelin           |       |       |     3 |    12 |       ||    15
 Invoke: Heroism           |       |       |       |     2 |     1 ||     3
         Finesse           |       |       |       |     1 |       ||     1
  Evoke: Wand              |       |     3 |     3 |       |       ||     6
    Use: Potion            |       |     5 |       |     6 |       ||    11
         Scroll            |       |     3 |     8 |    16 |       ||    27
   Stab: Sleeping          |     2 |     2 |     2 |     2 |       ||     8
         Invisible         |       |       |       |     2 |       ||     2
 Armour: Robe              |    65 |    38 |    23 |       |       ||   126
         Steam dragon scal |       |       |    35 |    34 |       ||    69
         Swamp dragon scal |       |       |       |   237 |    39 ||   276
  Dodge: Dodged            |    97 |    91 |   177 |   508 |   104 ||   977

Table legend: (Time is in decaauts)
 A = Elapsed time spent in this place.
 B = Non-inter-level travel time spent in this place.
 C = Inter-level travel time spent in this place.
 D = Time resting spent in this place.
 E = Time spent auto-exploring this place.
 F = Levels seen in this place.
 G = Mean time per level.
                   A        B        C        D        E       F      G
               +--------+--------+--------+--------+--------+-----+--------+
         Total |  18591 |  17965 |    626 |   5129 |   8014 |  14 | 1327.9 |
       Dungeon |  17603 |  16977 |    626 |   4726 |   7824 |  11 | 1600.3 |
        Temple |     11 |     11 |      0 |      0 |      0 |   1 |   11.0 |
          Lair |    280 |    280 |      0 |      0 |    190 |   1 |  280.0 |
        Bailey |    696 |    696 |      0 |    403 |      0 |   1 |  696.0 |
               +--------+--------+--------+--------+--------+-----+--------+

Top non-repeatable levels by time:
     D:8: 3099 daAuts
     D:9: 2449 daAuts
    D:11: 2008 daAuts
     D:7: 1660 daAuts
     D:4: 1500 daAuts
    D:10: 1427 daAuts
     D:6: 1331 daAuts
     D:2: 1101 daAuts
     D:5: 1100 daAuts
     D:1: 996 daAuts
     D:3: 927 daAuts
  Bailey: 696 daAuts
  Lair:1: 280 daAuts
  Temple: 11 daAuts
